 Dungeon Crawl Stone Soup version 0.20.0-10-g0535bb4 (webtiles) character file.

75 McKennaii the Skirmisher (level 4, 0/54 HPs)
             Began as a Demonspawn Abyssal Knight on June 3, 2017.
             Was a Believer of Lugonu.
             Succumbed to a goblin's poison
             ... on level 2 of the Dungeon.
             The game lasted 00:02:04 (1547 turns).

McKennaii the Skirmisher (DsAK)                     Turns: 1547, Time: 00:02:05

Health: 0/54       AC: 22    Str: 10 (12) XL:     4   Next: 11%
Magic:  6/6        EV:  2    Int: 10 (13) God:    Lugonu [**....]
Gold:   45         SH:  0    Dex: 13 (14) Spells: 3/3 levels left

rFire    + . .     SeeInvis .   a - +1 falchion
rCold    + . .     Gourm    .   (no shield)
rNeg     + + +     Faith    .   (armour currently unavailable)
rPois    +         Spirit   .   (helmet currently unavailable)
rElec    +         Reflect  .   (cloak currently unavailable)
rCorr    +         Harm     .   (gloves currently unavailable)
MR       .....     NoTele   +   (boots currently unavailable)
Stlth    +.........             (no amulet)
Regen    0.2/turn               (no ring)
MPRegen  0.1/turn               (no ring)

@: lethally poisoned (0 -> -5), tree-form, resistant
A: demonic guardian 1, powered by pain 2
a: Depart the Abyss, Bend Space, Renounce Religion


You were on level 2 of the Dungeon.
You worshipped Lugonu.
Lugonu was pleased with you.
You were not hungry.
You were a tree.
You visited 1 branch of the dungeon, and saw 2 of its levels.
You visited the Abyss 1 time.

You collected 45 gold pieces.

Inventory:

Hand Weapons
 a - a +1 falchion (weapon)
Armour
 b - a +0 leather armour
 d - a +0 chain mail (melded)
 g - a +0 pair of boots (melded)
Scrolls
 e - 2 scrolls of identify {unknown}
 h - a scroll of enchant weapon {unknown}
 k - a scroll of teleportation {unknown}
 m - 2 scrolls of remove curse {unknown}
Potions
 n - a potion of lignification
Comestibles
 c - 2 bread rations
 j - 2 fruits
 l - 2 meat rations


   Skills:
 + Level 3.6 Fighting
 + Level 2.6 Long Blades
 + Level 2.4 Armour
 + Level 1.1 Dodging
 + Level 2.9 Invocations


You had 3 spell levels left.
You didn't know any spells.

Dungeon Overview and Level Annotations

Branches:
Dungeon (2/15)

Altars:
Makhleb
Zin


Innate Abilities, Weirdness & Mutations

A weak demonic guardian rushes to your aid.
You sometimes gain power by taking damage.


Message History

You feel sick.
* * * LOW HITPOINT WARNING * * *
You feel sick.
* * * LOW HITPOINT WARNING * * *
You feel sick.
* * * LOW HITPOINT WARNING * * *
You feel sick.
Okay, then.
You are stuck in your current form!
Okay, then.
There is a lethal amount of poison in your body!
* * * LOW HITPOINT WARNING * * *
You feel sick.
* * * LOW HITPOINT WARNING * * *
You feel sick.
* * * LOW HITPOINT WARNING * * *
You feel sick.
* * * LOW HITPOINT WARNING * * *
You feel sick.
You die...

#..........#.#
#####....###.# #..>## #.#
####### ##...# #.#
#######.....# #....# #.#
#...........###...#####.#
#.#####................
##.# #.....###.#.####
##.# #..)..# #♣# ...#
#.##### #.# #..#####.#
#....# ##........ .....#
#÷.......# ##....#
.........# #.####
.......... #.# .#.......#
#)# .#.......# #.#


There were no monsters in sight!

Vanquished Creatures
  An adder (D:2)
  A worm (D:2)
  3 dart slugs
  2 leopard geckos
  7 bats
  2 giant cockroaches
  4 goblins
  4 hobgoblins
  7 jackals (D:2)
  7 kobolds
  A quokka (D:2)
  A ball python (D:1)
  3 frilled lizards (D:2)
  6 rats
49 creatures vanquished.

Notes
Turn   | Place    | Note
-------+----------+-------------------------------------------
     0 | Abyss:1  | McKennaii the Demonspawn Abyssal Knight began the quest for the Orb.
     0 | Abyss:1  | Reached XP level 1. HP: 18/18 MP: 2/2
    11 | Abyss:2  | Noticed a tormentor
    19 | Abyss:2  | Noticed a small abomination
    20 | D:1      | Escaped the Abyss
   113 | D:1      | Reached * piety under Lugonu
   317 | D:1      | Reached skill level 1 in Dodging
   356 | D:1      | Gained mutation: You sometimes gain a little power by taking damage. [demonic ancestry]
   356 | D:1      | Reached XP level 2. HP: 20/24 MP: 4/4
   705 | D:2      | Gained mutation: You sometimes gain power by taking damage. [demonic ancestry]
   705 | D:2      | Reached XP level 3. HP: 29/29 MP: 5/5
   929 | D:2      | Reached ** piety under Lugonu
  1430 | D:2      | Gained mutation: A weak demonic guardian rushes to your aid. [demonic ancestry]
  1430 | D:2      | Reached XP level 4. HP: 36/36 MP: 6/6
  1443 | D:2      | Found a burning altar of Makhleb.
  1443 | D:2      | Found a glowing silver altar of Zin.
  1444 | D:2      | Noticed an angel
  1444 | D:2      | Noticed a blizzard demon
  1543 | D:2      | HP: 2/54 [poisoned by a goblin]
  1547 | D:2      | Succumbed to a goblin's poison

Skill      XL: |  1  2 |
---------------+-------+-----
Dodging        | 1 |  1.1
Armour         | 2 |  2.4
Long Blades    | 2 |  2.6
Fighting       | |  3.6
Invocations    | |  2.9

Action                   |  1- 3 |  4- 6 || total
-------------------------+-------+-------++-------
Melee: Falchion          |   146 |    12 ||   158
Invok: Depart the Abyss  |     1 |       ||     1
  Use: Potion            |       |     3 ||     3
  Eat: Chunk             |     2 |       ||     2
Armor: Chain mail        |   142 |     7 ||   149
Dodge: Dodged            |    62 |     1 ||    63
       Rpst.: Falchion   |    20 |     1 ||    21
